 Dungeon Crawl Stone Soup version 0.13.1 (webtiles) character file.

3182 Unifa the Protected (level 9, 0/72 HPs)
             Began as a Minotaur Berserker on Nov 26, 2013.
             Was a High Priest of Trog.
             Slain by a worm (1 damage)
             ... on Level 7 of the Dungeon on Nov 28, 2013.
             The game lasted 00:27:52 (5872 turns).

Unifa the Protected (Minotaur Berserker)            Turns: 5872, Time: 00:27:52

HP   0/72        AC 12     Str 22      XL: 9   Next: 49%
MP   3/3         EV  8     Int  4      God: Trog [*****.]
Gold 280         SH  0     Dex 12 (13) Spells:  0 memorised,  8 levels left

Res.Fire  : . . .   See Invis. : .   j - +0,+1 orc flail
Res.Cold  : . . .   Warding    : .   f - +0 chain mail
Life Prot.: . . .   Conserve   : .   (no shield)
Res.Poison: .       Res.Corr.  : .   (helmet restricted)
Res.Elec. : .       Clarity    : .   (no cloak)
Sust.Abil.: . .     Spirit.Shd : .   (no gloves)
Res.Mut.  : .       Stasis     : .   (no boots)
Res.Rott. : .       Flight     : .   (no amulet)
Saprovore : . . .                    (no ring)
                                     (no ring)

@: slightly resistant to hostile enchantments, extremely unstealthy
A: retaliatory headbutt, horns 2
a: Burn Spellbooks, Berserk, Trog's Hand, Brothers in Arms, Renounce Religion


You were on level 7 of the Dungeon.
You worshipped Trog.
Trog was extremely pleased with you.
You were not hungry.

You visited 1 branch of the dungeon, and saw 7 of its levels.

You collected 260 gold pieces.

Inventory:

Hand weapons
 a - a +0,+1 mace
 j - a +0,+1 orcish flail (weapon)
 A - a +0,+3 great sword of electrocution
Missiles
 q - a throwing net [frayed] (quivered)
Armour
 b - a +0 animal skin
 f - a +0 chain mail (worn)
 t - a +0 elven shield
Magical devices
 m - a wand of polymorph (4)
 v - a wand of magic darts (15) {unknown}
 z - a wand of digging (9) {unknown}
Scrolls
 c - a scroll of fog
 g - 3 scrolls of teleportation
 o - a scroll of random uselessness
 p - 4 scrolls of remove curse
 y - a scroll of identify
Jewellery
 s - an uncursed ring of protection from fire {unknown}
 x - the ring "Brounnuf" {rC+ MR++ EV+1, unknown}
   (You found it on level 6 of the Dungeon)

   [ring of evasion]

   It affects your evasion (+1).
   It protects you from cold.
   It affects your resistance to hostile enchantments.
Potions
 d - a potion of poison {unknown}
 e - a potion of heal wounds {unknown}
 h - a potion of mutation {unknown}
 i - a potion of restore abilities {unknown}
 k - 2 potions of agility {unknown}
 n - 4 potions of curing
 r - a potion of might {unknown}
 u - a potion of porridge {unknown}


   Skills:
 - Level 3.8 Fighting
 - Level 0.8 Long Blades
 + Level 7.8 Maces & Flails
 - Level 0.4 Throwing
 - Level 13.5 Armour
 - Level 2.1 Dodging
 - Level 0.7 Unarmed Combat
 + Level 0.2 Spellcasting
 + Level 0.4 Evocations


You had 8 spell levels left.
You didn't know any spells.

Dungeon Overview and Level Annotations

Branches:
Dungeon (7/27)             Temple (0/1) D:4
    Orc: D:6-11

Altars:
Ashenzari
Cheibriados
Xom

Shops:
D:6 =

Annotations:
D:7 Edmund


Innate Abilities, Weirdness & Mutations

You reflexively headbutt those who attack you in melee.
You have a pair of horns on your head.


Message History

Edmund zaps a wand.
The puff of frost hits you!
* * * LOW HITPOINT WARNING * * *
The worm closely misses you. You furiously retaliate!
You headbutt the worm, but do no damage.
You hit Edmund.
Edmund is severely wounded.
Edmund zaps a wand.
The puff of frost hits you!
Your brown potion freezes and shatters!
* * * LOW HITPOINT WARNING * * *
You hit Edmund but do no damage.
Edmund is severely wounded.
The worm bites you.
* * * LOW HITPOINT WARNING * * *
Edmund barely misses you.
You hit Edmund.
Edmund is severely wounded.
Edmund hits you with a runed flail.
* * * LOW HITPOINT WARNING * * *
The worm bites you.
You die...

## ###. ... # ###
.######.####..#.#
....
.......@.w.......
###
########@#.#.##.#
#.# # #.# #.# #.#
# #.# #### # #
#.# #..##.# #
#.########..)..#
#
#.......))..####


You could see Edmund and a worm.

Vanquished Creatures
  Grinder (D:3)
  The ghost of Seskara the Bolt Thrower, an average GrHu (D:4)
  A hungry ghost (D:7)
  4 sky beasts
  2 phantoms
  2 ogres
  A centaur (D:5)
  2 giant frogs
  2 water moccasins
  A hippogriff zombie (D:7)
  4 crimson imps
  A goliath beetle (D:5)
  A quasit (D:7)
  2 hounds
  2 scorpions
  Crazy Yiuf (D:2)
  4 orc priests
  8 orc wizards
  A centaur skeleton (D:4)
  An iguana (D:4)
  5 worker ants
  Jessica (D:3)
  4 gnolls (D:4)
  11 adders
  A giant mite (D:2)
  A worm (D:2)
  2 adder skeletons
  A giant eyeball (D:5)
  4 giant geckos
  23 orcs
  A ball python (D:2)
  9 bats
  7 giant cockroaches
  14 goblins
  15 hobgoblins
  4 jackals (D:4)
  4 giant newts
  A giant newt skeleton (D:5)
  A gnoll zombie (D:5)
  A goblin skeleton (D:5)
  10 kobolds
  An orc zombie (D:5)
  A quokka (D:3)
  A quokka zombie (D:6)
  4 rats
  A ballistomycete (D:5)
170 creatures vanquished.

Vanquished Creatures (others)
  A giant spore (D:5)
  A kobold (D:4)
2 creatures vanquished.

Grand Total: 172 creatures vanquished

Notes
Turn   | Place    | Note
--------------------------------------------------------------
     0 | D:1      | Unifa, the Minotaur Berserker, began the quest for the Orb.
     0 | D:1      | Reached XP level 1. HP: 19/19 MP: 0/0
   146 | D:1      | Reached skill level 4 in Maces & Flails
   176 | D:1      | Reached XP level 2. HP: 26/26 MP: 0/0
   284 | D:1      | Acquired Trog's second power
   636 | D:2      | Reached skill level 5 in Maces & Flails
   636 | D:2      | Reached XP level 3. HP: 33/33 MP: 1/1
   773 | D:2      | Reached XP level 4. HP: 29/39 MP: 1/1
   877 | D:2      | Reached skill level 6 in Maces & Flails
   986 | D:2      | Noticed Crazy Yiuf
   992 | D:2      | Killed Crazy Yiuf
  1196 | D:2      | Reached XP level 5. HP: 37/46 MP: 1/1
  1689 | D:3      | Noticed Grinder
  1695 | D:3      | Paralysed by Grinder for 5 turns
  1717 | D:3      | Killed Grinder
  1717 | D:3      | Reached XP level 6. HP: 24/52 MP: 2/2
  2311 | D:3      | Noticed Jessica
  2316 | D:3      | Killed Jessica
  2381 | D:4      | Noticed Seskara's ghost (average GrHu)
  2388 | D:4      | Killed Seskara's ghost
  2388 | D:4      | Reached skill level 7 in Armour
  2388 | D:4      | Reached XP level 7. HP: 59/59 MP: 2/2
  2401 | D:4      | Reached skill level 8 in Armour
  2427 | D:4      | Found a staircase to the Ecumenical Temple.
  2496 | D:4      | Acquired Trog's third power
  2745 | D:4      | Reached skill level 9 in Armour
  3155 | D:4      | Found a shimmering altar of Xom.
  3216 | D:5      | Entered Level 5 of the Dungeon
  3269 | D:5      | Paralysed by a giant eyeball for 4 turns
  3324 | D:5      | Reached XP level 8. HP: 54/66 MP: 2/2
  3340 | D:5      | Reached skill level 10 in Armour
  3701 | D:5      | Found a snail-covered altar of Cheibriados.
  3727 | D:5      | Reached skill level 11 in Armour
  4141 | D:6      | Upgraded the game from 0.13.0-65-g2bb7898 to 0.13.1
  4148 | D:6      | Found Klaem's Jewellery Shoppe.
  4166 | D:6      | Reached skill level 12 in Armour
  4242 | D:6      | Reached XP level 9. HP: 39/72 MP: 3/3
  4492 | D:6      | Found a shattered altar of Ashenzari.
  4566 | D:6      | Got a flickering iron ring
  4975 | D:6      | Reached skill level 13 in Armour
  5292 | D:7      | Received a gift from Trog
  5837 | D:7      | Noticed Edmund
  5871 | D:7      | HP: 3/72 [worm (6)]
  5872 | D:7      | HP: 1/72 [Edmund/runed flail (3)]
  5872 | D:7      | Slain by a worm

Action                   |  1- 3 |  4- 6 |  7- 9 || total
-------------------------+-------+-------+-------++-------
Melee: Mace              |    72 |    57 |       ||   129
       Unarmed           |       |    17 |       ||    17
       Flail             |       |    20 |   361 ||   381
Invok: Berserk           |       |     2 |     6 ||     8
  Use: Scroll            |       |     8 |     2 ||    10
